3L
TOLEDO STINGERS @ HOUSTON 1837 BBC
09/02/2030
 
TOP OF THE 1ST
Toledo Stingers batting - Pitching for Houston 1837 BBC : RHP Ricardo Suárez
Pitching: RHP Ricardo Suárez
Batting: SHB Dylan Carson 0-0: Swinging Strike
0-1: Swinging Strike
0-2: Strikes out looking
Batting: RHB Tamasaburo Kato 0-0: Ball
1-0: Hit by Pitch
Batting: RHB Alfredo Martínez 0-0: Ball
1-0: Called Strike
1-1: Ball
2-1: Ball
3-1: Foul Ball, location: 2F
3-2: Strikes out swinging
Batting: LHB Tural Bishara 0-0: Swinging Strike
0-1: Ball
1-1: SINGLE (Flyball, 8RS)
Tamasaburo Kato to second
Batting: LHB Rafael Sánchez 0-0: Ball
1-0: SINGLE (Flyball, 78S)
Tamasaburo Kato to third
Tural Bishara to second
Runner from 3rd tries for Home, SAFE, no throw
Batting: RHB Brett Callison 0-0: Ball
1-0: Ball
2-0: Ball
3-0: Called Strike
3-1: Base on Balls
Tural Bishara to third
Rafael Sánchez to second
Batting: RHB Héctor Rivera 0-0: Ball
1-0: Ball
2-0: Ball
3-0: Called Strike
3-1: Called Strike
3-2: Foul Ball, location: 2F
3-2: Foul Ball, location: 2F
3-2: Base on Balls
Tural Bishara scores
Rafael Sánchez to third
Brett Callison to second
Batting: RHB Hugo Rampley 0-0: Ball
1-0: Fly out, F4 (Line Drive, 4)
Top of the 1st over - 2 runs, 2 hits, 0 errors, 3 left on base; Toledo 2 - Houston 0
BOTTOM OF THE 1ST
Houston 1837 BBC batting - Pitching for Toledo Stingers : RHP Enrique Castro
Pitching: RHP Enrique Castro
Batting: LHB Damian Delaney 0-0: Fly out, F7 (Flyball, 7LS)
Batting: RHB Lytle Creek 0-0: Swinging Strike
0-1: Ball
1-1: Ground out 5-3 (Groundball, 56)
Batting: RHB Bob Dickerson 0-0: Swinging Strike
0-1: Ball
1-1: Foul Ball, location: 2F
1-2: Ball
2-2: Strikes out swinging
Bottom of the 1st over - 0 runs, 0 hits, 0 errors, 0 left on base; Toledo 2 - Houston 0
TOP OF THE 2ND
Toledo Stingers batting - Pitching for Houston 1837 BBC : RHP Ricardo Suárez
Batting: RHB Mike Burns 0-0: Ball
1-0: Foul Ball, location: 2F
1-1: Called Strike
1-2: Ball
2-2: Strikes out swinging
Batting: SHB Dylan Carson 0-0: Swinging Strike
0-1: Swinging Strike
0-2: Ground out 4-3 (Groundball, 4)
Batting: RHB Tamasaburo Kato 0-0: Ball
1-0: Ball
2-0: Ground out 6-3 (Groundball, 6MS)
Top of the 2nd over - 0 runs, 0 hits, 0 errors, 0 left on base; Toledo 2 - Houston 0
BOTTOM OF THE 2ND
Houston 1837 BBC batting - Pitching for Toledo Stingers : RHP Enrique Castro
Batting: LHB Guillermo Arellano 0-0: Called Strike
0-1: Ground out 4-3 (Groundball, 4)
Batting: LHB Fa-tang Wang 0-0: Ball
1-0: Ground out 3-1 (Groundball, 34S)
Batting: RHB Scott Robertson 0-0: Fly out, F8 (Flyball, 8RS)
Bottom of the 2nd over - 0 runs, 0 hits, 0 errors, 0 left on base; Toledo 2 - Houston 0
TOP OF THE 3RD
Toledo Stingers batting - Pitching for Houston 1837 BBC : RHP Ricardo Suárez
Batting: RHB Alfredo Martínez 0-0: Ball
1-0: Called Strike
1-1: SINGLE (Groundball, 56D)
Batting: LHB Tural Bishara 0-0: Ball
1-0: Ball
2-0: Called Strike
2-1: Called Strike
2-2: Fielders Choice at 2nd, 6-4 (Groundball, 6)
Batting: LHB Rafael Sánchez 0-0: Ball
1-0: Called Strike
1-1: Ball
2-1: Foul Ball, location: 2F
2-2: Fly out, F4 (Popup, 4MD)
Batting: RHB Brett Callison 0-0: Ball
1-0: Ball
2-0: Called Strike
2-1: Ground out 4-3 (Groundball, 4)
Top of the 3rd over - 0 runs, 1 hit, 0 errors, 1 left on base; Toledo 2 - Houston 0
BOTTOM OF THE 3RD
Houston 1837 BBC batting - Pitching for Toledo Stingers : RHP José Macías
Pitching: RHP José Macías
Batting: RHB Anastasio Hernández 0-0: Called Strike
0-1: Ground out U3 (Groundball, 34S)
Batting: RHB Armond Merlin 0-0: Called Strike
0-1: Foul Ball, location: 2F
0-2: Ground out 5-3 (Groundball, 56S)
Batting: RHB Uchino Akahito 0-0: Foul Ball, location: 2F
0-1: Ball
1-1: Fly out, F7 (Flyball, 7S)
Bottom of the 3rd over - 0 runs, 0 hits, 0 errors, 0 left on base; Toledo 2 - Houston 0
TOP OF THE 4TH
Toledo Stingers batting - Pitching for Houston 1837 BBC : RHP Ricardo Suárez
Batting: RHB Héctor Rivera 0-0: Ball
1-0: Ball
2-0: Ball
3-0: Base on Balls
Batting: RHB Hugo Rampley 0-0: Called Strike
0-1: Ball
1-1: Called Strike
1-2: Ball
2-2: Ball
3-2: Ground out 4-3 (Groundball, 4)
Héctor Rivera to second
Batting: RHB Mike Burns 0-0: Fly out, F4 (Popup, 23)
Batting: SHB Dylan Carson 0-0: Reached on error, E4 (Groundball, 4)
Héctor Rivera scores
Batting: RHB Tamasaburo Kato 0-0: Foul Ball, location: 2F
0-1: Ball
1-1: Called Strike
1-2: Ground out 1-3 (Groundball, 15S)
Top of the 4th over - 1 run, 0 hits, 1 error, 1 left on base; Toledo 3 - Houston 0
BOTTOM OF THE 4TH
Houston 1837 BBC batting - Pitching for Toledo Stingers : RHP José Macías
Batting: LHB Damian Delaney 0-0: Called Strike
0-1: Ball
1-1: Ball
2-1: Foul Ball, location: 2F
2-2: Foul Ball, location: 2F
2-2: Foul Ball, location: 2F
2-2: SINGLE (Groundball, 3D)
Batting: RHB Lytle Creek 0-0: Called Strike
0-1: Ball
1-1: Ball
2-1: Foul Ball, location: 2F
2-2: Grounds into double play, 6-4-3 (Groundball, 6)
Batting: RHB Bob Dickerson 0-0: Ball
1-0: Foul Ball, location: 2F
1-1: Ball
2-1: Fly out, F8 (Flyball, 78M)
Bottom of the 4th over - 0 runs, 1 hit, 0 errors, 0 left on base; Toledo 3 - Houston 0
TOP OF THE 5TH
Toledo Stingers batting - Pitching for Houston 1837 BBC : RHP Ricardo Suárez
Batting: RHB Alfredo Martínez 0-0: Fly out, F9 (Flyball, 9LS)
Batting: LHB Tural Bishara 0-0: Called Strike
0-1: Ball
1-1: Foul Ball, location: 2F
1-2: Ball
2-2: Fly out, F3 (Line Drive, 34)
Batting: LHB Rafael Sánchez 0-0: Ball
1-0: Ground out 2-3 (Groundball, 15S)
Top of the 5th over - 0 runs, 0 hits, 0 errors, 0 left on base; Toledo 3 - Houston 0
BOTTOM OF THE 5TH
Houston 1837 BBC batting - Pitching for Toledo Stingers : RHP José Macías
Batting: LHB Guillermo Arellano 0-0: Ball
1-0: Ball
2-0: Called Strike
2-1: Foul Ball, location: 2F
2-2: Fly out, F8 (Flyball, 8RD)
Batting: LHB Fa-tang Wang 0-0: Ball
1-0: Foul Ball, location: 2F
1-1: Ground out 5-3 (Groundball, 56)
Batting: RHB Scott Robertson 0-0: Ball
1-0: Ball
2-0: Foul Ball, location: 2F
2-1: Ball
3-1: Called Strike
3-2: Ground out U3 (Groundball, 34)
Bottom of the 5th over - 0 runs, 0 hits, 0 errors, 0 left on base; Toledo 3 - Houston 0
TOP OF THE 6TH
Toledo Stingers batting - Pitching for Houston 1837 BBC : RHP Ricardo Suárez
Batting: RHB Brett Callison 0-0: Ball
1-0: Ball
2-0: Ball
3-0: Called Strike
3-1: DOUBLE (Groundball, 5L)
Batting: RHB Héctor Rivera 0-0: Called Strike
0-1: SINGLE (Groundball, 56D)
Brett Callison to third
Runner from 3rd tries for Home, SAFE, no throw
Pitching: LHP Damien Scudder
Batting: RHB Hugo Rampley 0-0: Called Strike
0-1: Swinging Strike
0-2: Foul Ball, location: 2F
0-2: Foul Ball, location: 2F
0-2: Ground out 3-1 (Groundball, 3S)
Héctor Rivera to second
Batting: RHB Mike Burns 0-0: Ball
1-0: SINGLE (Groundball, 56D)
Héctor Rivera to third
Runner from 3rd tries for Home, SAFE, no throw
Batting: SHB Dylan Carson 0-0: Ball
1-0: Ball
2-0: Ball
3-0: Called Strike
3-1: Reached on error, E5 (Groundball, 56)
Mike Burns to second
Batting: RHB Tamasaburo Kato 0-0: Called Strike
0-1: SINGLE (Line Drive, 56D)
Mike Burns to third
Dylan Carson to second
Runner from 3rd tries for Home, SAFE, no throw
Batting: RHB Alfredo Martínez 0-0: Ball
1-0: Ball
Tamasaburo Kato is caught stealing 2nd base
2-0: Ball
3-0: Called Strike
3-1: Fly out, F9 (Flyball, 9D)
Top of the 6th over - 3 runs, 4 hits, 1 error, 1 left on base; Toledo 6 - Houston 0
BOTTOM OF THE 6TH
Houston 1837 BBC batting - Pitching for Toledo Stingers : RHP José Macías
Batting: RHB Anastasio Hernández 0-0: SINGLE (Groundball, 6D)
Batting: RHB Armond Merlin 0-0: Called Strike
0-1: Grounds into double play, 5-4-3 (Groundball, 5L)
Batting: RHB Uchino Akahito 0-0: Foul Ball, location: 2F
0-1: Fly out, F9 (Flyball, 9LDF)
Bottom of the 6th over - 0 runs, 1 hit, 0 errors, 0 left on base; Toledo 6 - Houston 0
TOP OF THE 7TH
Toledo Stingers batting - Pitching for Houston 1837 BBC : LHP Damien Scudder
Batting: LHB Tural Bishara 0-0: Foul Ball, location: 2F
0-1: Called Strike
0-2: Ball
1-2: Foul Ball, location: 2F
1-2: Ground out 6-3 (Groundball, 6)
Batting: LHB Rafael Sánchez 0-0: Called Strike
0-1: Ball
1-1: Called Strike
1-2: Ball
2-2: Ground out U3 (Groundball, 3L)
Batting: RHB Brett Callison 0-0: Called Strike
0-1: Called Strike
0-2: Ball
1-2: Ball
2-2: Ball
3-2: Foul Ball, location: 2F
3-2: Fly out, F9 (Flyball, 9S)
Top of the 7th over - 0 runs, 0 hits, 0 errors, 0 left on base; Toledo 6 - Houston 0
BOTTOM OF THE 7TH
Houston 1837 BBC batting - Pitching for Toledo Stingers : RHP José Macías
Batting: LHB Damian Delaney 0-0: Fly out, F5 (Popup, 56S)
Batting: RHB Lytle Creek 0-0: Called Strike
0-1: Ball
1-1: Ball
2-1: Called Strike
2-2: Ground out 5-3 (Groundball, 56)
Batting: RHB Bob Dickerson 0-0: Called Strike
0-1: Called Strike
0-2: Strikes out swinging, 2-3 out at first.
Bottom of the 7th over - 0 runs, 0 hits, 0 errors, 0 left on base; Toledo 6 - Houston 0
TOP OF THE 8TH
Toledo Stingers batting - Pitching for Houston 1837 BBC : LHP Damien Scudder
Batting: RHB Héctor Rivera 0-0: Ball
1-0: Ball
2-0: Called Strike
2-1: Foul Ball, location: 2F
2-2: Fly out, F8 (Flyball, 8RM)
Batting: RHB Hugo Rampley 0-0: Ball
1-0: Called Strike
1-1: Ball
2-1: Called Strike
2-2: Ball
3-2: Base on Balls
Batting: RHB Mike Burns 0-0: Ball
1-0: Foul Ball, location: 2F
1-1: Called Strike
1-2: Strikes out swinging
Batting: SHB Dylan Carson 0-0: Called Strike
0-1: Swinging Strike
0-2: Ball
1-2: Ball
2-2: Ball
3-2: DOUBLE (Groundball, 5L)
Hugo Rampley to third
Hugo Rampley scores
Batting: RHB Tamasaburo Kato 0-0: Ball
Wild Pitch!
Dylan Carson to third
1-0: Ball
2-0: Foul Ball, location: 2F
2-1: Ground out U3 (Groundball, 34)
Top of the 8th over - 1 run, 1 hit, 0 errors, 1 left on base; Toledo 7 - Houston 0
BOTTOM OF THE 8TH
Houston 1837 BBC batting - Pitching for Toledo Stingers : RHP José Macías
Batting: LHB Guillermo Arellano 0-0: Called Strike
0-1: Called Strike
0-2: Strikes out swinging
Pitching: RHP Chip Bishop
Batting: LHB Fa-tang Wang 0-0: Called Strike
0-1: Ball
1-1: Foul Ball, location: 2F
1-2: Foul Ball, location: 2F
1-2: Strikes out swinging
Batting: RHB Scott Robertson 0-0: Ball
1-0: Foul Ball, location: 2F
1-1: Ball
2-1: Swinging Strike
2-2: Ball
3-2: Foul Ball, location: 2F
3-2: TRIPLE (Flyball, 7LD)
Batting: RHB Anastasio Hernández 0-0: Fly out, F8 (Line Drive, 8RD)
Bottom of the 8th over - 0 runs, 1 hit, 0 errors, 1 left on base; Toledo 7 - Houston 0
TOP OF THE 9TH
Toledo Stingers batting - Pitching for Houston 1837 BBC : LHP Damien Scudder
Batting: RHB Alfredo Martínez 0-0: Called Strike
0-1: Reached on error, E6 (Groundball, 6)
Pitching: LHP Drew Cullen
Batting: LHB Tural Bishara 0-0: Ball
Throwing error on steal attempt, E2
Alfredo Martínez scores
1-0: Fly out, F9 (Flyball, 9LM)
Batting: LHB Rafael Sánchez 0-0: Fly out, F8 (Line Drive, 8LD)
Batting: RHB Brett Callison 0-0: Foul Ball, location: 2F
0-1: Ball
1-1: Ball
2-1: Ball
3-1: Foul Ball, location: 2F
3-2: Base on Balls
Batting: RHB Héctor Rivera 0-0: Called Strike
0-1: Ball
1-1: Ball
2-1: Foul Ball, location: 2F
2-2: Strikes out swinging
Top of the 9th over - 1 run, 0 hits, 2 errors, 1 left on base; Toledo 8 - Houston 0
BOTTOM OF THE 9TH
Houston 1837 BBC batting - Pitching for Toledo Stingers : RHP Chip Bishop
Batting: RHB Armond Merlin 0-0: Ball
1-0: Fly out, F6 (Line Drive, 6)
Batting: RHB Uchino Akahito 0-0: Fly out, F8 (Flyball, 78M)
Batting: LHB Damian Delaney 0-0: Ball
1-0: Ball
2-0: Foul Ball, location: 2F
2-1: Swinging Strike
2-2: SINGLE (Line Drive, 9S)
Batting: RHB Lytle Creek 0-0: Swinging Strike
0-1: Ball
1-1: Foul Ball, location: 2F
1-2: Ball
2-2: DOUBLE (Line Drive, 78D)
Damian Delaney to third
Batting: RHB Bob Dickerson 0-0: Ball
1-0: Swinging Strike
1-1: Ground out U3 (Groundball, 3)
Bottom of the 9th over - 0 runs, 2 hits, 0 errors, 2 left on base; Toledo 8 - Houston 0
Sunday, March 18th, 2018 - OOTP Baseball 18.8 Build 76